 Dungeon Crawl Stone Soup version 0.28-a0-1382-g92835e5c71 (webtiles) character file.

Game seed: 7822891109103153191

42914 Woods the Thaumaturge (level 14, 0/103 HPs)
             Began as a Djinni Fire Elementalist on Jan 1, 2022.
             Was an Elder of Makhleb.
             Shot with an arrow by Nessos (9 damage)
             ... on level 4 of the Lair of Beasts.
             The game lasted 00:53:11 (27014 turns).

Woods the Thaumaturge (Djinni Fire Elementalist)   Turns: 27014, Time: 00:53:11

Health: 0/103      AC: 12    Str:  7    XL:     14   Next: 57%
Gold:   1046       EV: 14    Int: 21    God:    Makhleb [****..] SH:  0 Dex: 15

rFire   + + .      SeeInvis +   G - +0 scimitar (flame)
rCold   x . .      Faith    .   k - orb {light}
rNeg    . . .      Spirit   .   H - +0 swamp dragon scales
rPois   ∞          Reflect  .   N - +1 hat {SInv}
rElec   .          Harm     .   j - +0 cloak
rCorr   .          Rampage  .   (no gloves)
Will    ++...                   (boots unavailable)
Stlth   +.........              F - amulet of regeneration
HPRegen 1.07/turn               m - ring of willpower
MPRegen 0.00/turn               B - ring of wizardry

@: about to teleport, flying, glowing
A: sickness immunity, fire resistance 2, cold vulnerability 1, float, innate
caster, hp casting, extra vitality 1
a: Renounce Religion, Minor Destruction, Lesser Servant of Makhleb, Major
Destruction


You were on level 4 of the Lair of Beasts.
You worshipped Makhleb.
Makhleb was greatly pleased with you.
You visited 3 branches of the dungeon, and saw 15 of its levels.

You collected 1046 gold pieces.

Inventory:

Hand Weapons
 G - a +0 scimitar of flaming (weapon)
 Q - a +4 great mace of protection
Armour
 a - a +0 robe
 g - an orb of mayhem
 j - a +0 cloak (worn)
 k - an orb of light (worn)
 E - an orb of wrath
 H - +0 swamp dragon scales (worn)
 N - a +1 hat of see invisible (worn)
Jewellery
 m - a ring of willpower (left hand)
 y - a ring of protection from fire
 B - a ring of wizardry (right hand)
 F - an amulet of regeneration (around neck)
 S - a ring of ice
 T - a +4 ring of evasion
 U - the amulet "Bupe" {Faith rElec Str+4}
   (You found it on level 4 of the Lair of Beasts)

   [amulet of faith]

   It allows you to gain divine favour quickly.
   Str:       It affects your strength (+4).
   rElec:     It insulates you from electricity.
Wands
 t - a wand of acid (5)
 A - a wand of flame (23)
 D - a wand of mindburst (8)
 J - a wand of iceblast (1)
 M - a wand of polymorph (3)
 P - a wand of paralysis (2)
Scrolls
 b - 6 scrolls of identify
 c - 4 scrolls of fear {unknown}
 e - a scroll of vulnerability {unknown}
 f - 4 scrolls of amnesia
 l - 2 scrolls of immolation
 q - 4 scrolls of enchant weapon
 s - 2 scrolls of teleportation
 u - a scroll of fog {unknown}
 z - a scroll of acquirement {unknown}
 I - 2 scrolls of magic mapping
 K - 2 scrolls of blinking {unknown}
 R - a scroll of holy word {unknown}
Potions
 d - 3 potions of heal wounds
 h - 2 potions of haste
 i - 2 potions of degeneration {unknown}
 n - 3 potions of attraction
 o - 5 potions of curing
 p - 2 potions of mutation
 r - 2 potions of magic {unknown}
 v - a potion of might {unknown}
 w - 7 potions of ambrosia
 x - 2 potions of flight {unknown}
 C - 3 potions of cancellation {unknown}
 L - 2 potions of brilliance {unknown}
 O - a potion of berserk rage {unknown}


   Skills:
 - Level 10.0 Fighting
 - Level 1.7(2.2) Short Blades
 - Level 2.0(2.3) Long Blades
 - Level 1.7(2.4) Axes
 - Level 1.7(2.4) Maces & Flails
 - Level 1.5(2.3) Polearms
 - Level 1.8(2.6) Staves
 - Level 1.4(1.9) Slings
 - Level 1.6 Bows
 - Level 1.6 Crossbows
 - Level 1.5(1.9) Throwing
 - Level 9.0 Armour
 - Level 10.0 Dodging
 - Level 6.0 Stealth
 - Level 1.7 Shields
 - Level 2.2 Unarmed Combat
 + Level 12.1 Spellcasting
 - Level 2.0 Invocations
 - Level 1.7 Evocations


You had 7 spell levels left.
You knew the following spells:

 Your Spells              Type           Power      Damage    Failure   Level
a - Foxfire               Conj/Fire      100%       2x1d9     1%          1
b - Scorch                Fire           100%       2d10      1%          2
c - Conjure Flame         Conj/Fire      59%        6-21      1%          3
d - Inner Flame           Hex/Fire       59%        N/A       1%          3
e - Flame Wave            Conj/Fire      59%        2d9       1%          4
f - Apportation           Tloc           100%       N/A       1%          1
g - Passwall              Tmut/Erth      49%        N/A       1%          2
h - Wereblood             Tmut           59%        N/A       1%          2
i - Portal Projectile     Hex/Tloc       100%       N/A       1%          3
j - Fulminant Prism       Conj/Hex       29%        3d14      1%          4
k - Manifold Assault      Tloc           59%        N/A       1%          5
Your spell library was empty.

Dungeon Overview and Level Annotations

Branches:
Dungeon (10/15)            Temple (1/1) D:6            Lair (4/6) D:8
  Snake (0/4) Lair:3       Spider (0/4) Lair:2
    Orc: D:9-12

Altars:
Ashenzari
Cheibriados
Dithmenos
Elyvilon
Fedhas
Gozag
Hepliaklqana
Kikubaaqudgha
Makhleb
Nemelex Xobeh
Okawaru
Qazlal
Ru
Sif Muna
Trog
Uskayaw
Vehumet
Wu Jian
Xom
Yredelemnul
Zin
The Shining One

Shops:
D:4 [   D:7 [

Annotations:
D:9 1 runed translucent door, vivovinco's ghost, novice DENe
D:10 Joseph
Lair:4 Nessos


Innate Abilities, Weirdness & Mutations

You are immune to sickness and miasma.
You are immune to poison.
Your flesh is very heat resistant. (rF++)
You are vulnerable to cold. (rC-)
You float through the air rather than walking.
You learn spells naturally, not from books.
Your magical power is your life essence.
You have superior vitality. (+4 MHP)


Message History

Nessos seems to speed up.
There is an open door here.
Nessos shoots an arrow.
The arrow hits you! The arrow burns you.
You reach down and close the door.
Nessos shoots an arrow.
The arrow completely misses you.
Casting: Scorch (safe; 1% risk of failure)
Confirm with . or Enter, or press ? or * to list all spells.
Okay, then.
Unknown command.
Casting: Scorch (safe; 1% risk of failure)
Confirm with . or Enter, or press ? or * to list all spells.
You conjure some foxfire!
Casting: Foxfire (safe; 1% risk of failure)
Confirm with . or Enter, or press ? or * to list all spells.
The fire begins to smoulder!
The foxfire hits Nessos but does no damage.
Nessos shoots an arrow.
The arrow hits you!!
Nessos shoots an arrow.
The arrow hits you!!
Nessos shoots an arrow.
The arrow hits you!
Unknown command.
The fire ignites!
As you read the scroll of teleportation, it crumbles to dust.
You feel strangely unstable.
Your foxfire dissipates!
Nessos shoots an arrow.
The arrow hits you!
* * * LOW HITPOINT WARNING * * *
The arrow burns you.
* * * LOW HITPOINT WARNING * * *
Casting: Conjure Flame (safe; 1% risk of failure)
Confirm with . or Enter, or press ? or * to list all spells.
Aiming: Fulminant Prism (safe; 1% risk of failure)
Press: ? - help, Dir - move target You conjure a prism of explosive energy!
* * * LOW HITPOINT WARNING * * *
A fulminant prism comes into view.
Nessos shoots an arrow.
The arrow hits you!
* * * LOW HITPOINT WARNING * * *
The arrow burns you.
* * * LOW HITPOINT WARNING * * *
Nessos shoots an arrow.
The arrow hits you!
You die...

###P# ##...#..##......# ##.. ###
###########....# #.P ###PP# #..
## ##...### #.. .# ###########
#...[..# ##.#
####.......#.#####......# #..P
##.#...........##.......## ##...
...##......#.>####.......####....
...##.......#§..@#..?......##.?..
##..#÷.....###..§+.........##P...
##..÷.......#####c§.c...#........
##..†......## #*.......###.....
#####......# ##<.....## ###... #
#......# ..+##### ##P... #
##.##.## ###. #..... ##...### #.
###.#. ##.'.#..# . #.#..


You could see Nessos (fast, ally target) and a friendly fulminant prism.

Vanquished Creatures
  Gastronok (Lair:3)
  8 hydras
  A catoblepas (Lair:3)
  4 death yaks (Lair:3)
  6 two-headed ogres
  Sonja (D:10)
  4 lindwurms (Lair:4)
  6 elephants
  4 black mambas (Lair:3)
  Maggie (D:9)
  8 cane toads
  8 komodo dragons
  A troll (D:9)
  2 hornets
  A queen bee (Lair:2)
  3 polar bears
  A dream sheep (Lair:3)
  15 blink frogs
  A wraith (D:10)
  A basilisk (Lair:4)
  3 wyverns
  Grum (D:9)
  50 yaks
  2 steam dragons (Lair:3)
  2 vampire mosquitoes (D:10)
  2 nagas (Lair:3)
  An acid dragon (D:10)
  7 water moccasins
  3 orc warriors (D:9)
  2 sky beasts
  An ice beast (D:6)
  3 black bears
  4 ogres
  3 necrophages
  10 wolves
  2 centaurs
  3 phantoms (D:6)
  15 bullfrogs
  A water moccasin zombie (D:6)
  8 scorpions
  A wyvern skeleton (D:6)
  2 water moccasin skeletons
  28 killer bees
  2 bullfrog zombies (D:6)
  2 centaur zombies
  3 hounds
  A jelly (D:6)
  Crazy Yiuf (D:2)
  3 bullfrog skeletons (D:6)
  9 orc priests
  A centaur skeleton (D:6)
  4 iguanas
  5 orc wizards
  2 killer bee zombies
  A hound zombie (D:5)
  A hound skeleton (D:4)
  3 gnolls (D:2)
  2 howler monkey skeletons
  7 adders
  A white imp (D:6)
  2 adder skeletons
  5 worms
  44 orcs
  7 bats
  3 endoplasms
  4 giant cockroaches
  4 goblins
  6 hobgoblins
  4 jackals (D:2)
  4 quokkas
  6 ball pythons
  A frilled lizard (D:2)
  8 kobolds
  11 rats
  A bush (Lair:1)
  A foxfire (Lair:3)
390 creatures vanquished.

Vanquished Creatures (collateral kills)
  8 foxfires
8 creatures vanquished.

Vanquished Creatures (others)
  18 bushes (D:8)
  375 foxfires
  48 fulminant prisms
  19 fungi
  64 plants
524 creatures vanquished.

Grand Total: 922 creatures vanquished

Notes
Turn   | Place    | Note
-------+----------+-------------------------------------------
     0 | D:1      | Woods the Djinni Fire Elementalist began the quest for the
                  | Orb.
     0 | D:1      | Reached XP level 1. HP: 15/15 MP: 0/0
   406 | D:1      | Reached XP level 2. HP: 18/21 MP: 0/0
   740 | D:1      | Found a faded altar of an unknown god.
  1007 | D:1      | Reached XP level 3. HP: 22/25 MP: 0/0
  1007 | D:1      | Learned a level 1 spell: Apportation
  1129 | D:1      | Reached skill level 3 in Spellcasting
  2030 | D:2      | Found a runed translucent door.
  2031 | D:2      | Noticed Crazy Yiuf
  2070 | D:2      | Noticed a necrophage
  2126 | D:2      | Killed a necrophage
  2127 | D:2      | Reached XP level 4. HP: 19/31 MP: 0/0
  2127 | D:2      | Reached XP level 5. HP: 22/36 MP: 0/0
  2127 | D:2      | Learned a level 2 spell: Passwall
  2709 | D:2      | Reached skill level 4 in Spellcasting
  3327 | D:2      | Killed Crazy Yiuf
  3328 | D:2      | Reached XP level 6. HP: 37/41 MP: 0/0
  4044 | D:3      | Noticed a necrophage
  4056 | D:3      | Killed a necrophage
  4057 | D:3      | Reached skill level 5 in Spellcasting
  4057 | D:3      | Reached XP level 7. HP: 37/46 MP: 0/0
  4057 | D:3      | Learned a level 2 spell: Wereblood
  4130 | D:3      | Found an opulent altar of Gozag.
  4985 | D:4      | Found a sparkling altar of Nemelex Xobeh.
  4986 | D:4      | Found Gacuelea's Armour Emporium.
  5442 | D:4      | Found a broken altar of Ashenzari.
  5872 | D:5      | Entered Level 5 of the Dungeon
  5947 | D:5      | Reached skill level 6 in Spellcasting
  6038 | D:5      | Reached XP level 8. HP: 10/51 MP: 0/0
  6577 | D:5      | Found an iron altar of Okawaru.
  7168 | D:5      | Reached skill level 7 in Spellcasting
  7830 | D:6      | Reached XP level 9. HP: 50/56 MP: 0/0
  7830 | D:6      | Learned a level 3 spell: Portal Projectile
  7958 | D:6      | Reached skill level 8 in Spellcasting
  8613 | D:6      | Found a staircase to the Ecumenical Temple.
  9159 | D:6      | Reached skill level 9 in Spellcasting
 10462 | D:6      | Found a white marble altar of Elyvilon.
 10559 | D:6      | Reached XP level 10. HP: 57/61 MP: 0/0
 11215 | D:7      | Found Vishabakagh's Dragon-Slaying Spoils.
 11497 | D:8      | Noticed a two-headed ogre
 11502 | D:8      | Reached skill level 1 in Fighting
 11502 | D:8      | Reached skill level 10 in Spellcasting
 11508 | D:8      | Killed a two-headed ogre
 11509 | D:8      | Reached skill level 5 in Dodging
 12227 | D:8      | Reached skill level 1 in Unarmed Combat
 12270 | D:8      | Noticed a two-headed ogre
 12279 | D:8      | Killed a two-headed ogre
 12280 | D:8      | Reached skill level 5 in Fighting
 12371 | D:8      | Found a staircase to the Lair.
 12454 | D:8      | Noticed a two-headed ogre
 12460 | D:8      | Killed a two-headed ogre
 12461 | D:8      | Reached skill level 1 in Long Blades
 12461 | D:8      | Reached skill level 1 in Invocations
 12461 | D:8      | Reached XP level 11. HP: 66/76 MP: 0/0
 12461 | D:8      | Learned a level 4 spell: Fulminant Prism
 12514 | D:8      | Noticed a two-headed ogre
 12527 | D:8      | Killed a two-headed ogre
 12528 | D:8      | Reached skill level 1 in Short Blades
 12528 | D:8      | Reached skill level 1 in Axes
 12528 | D:8      | Reached skill level 1 in Maces & Flails
 12528 | D:8      | Reached skill level 1 in Polearms
 12528 | D:8      | Reached skill level 1 in Staves
 12528 | D:8      | Reached skill level 1 in Crossbows
 12528 | D:8      | Reached skill level 1 in Armour
 12528 | D:8      | Reached skill level 1 in Shields
 12528 | D:8      | Reached skill level 1 in Evocations
 12802 | D:8      | Reached skill level 1 in Slings
 12802 | D:8      | Reached skill level 1 in Bows
 12802 | D:8      | Reached skill level 1 in Throwing
 13258 | Lair:1   | Entered Level 1 of the Lair of Beasts
 13273 | D:9      | Noticed Grum
 13651 | D:9      | Killed Grum
 13652 | D:9      | Noticed a two-headed ogre
 13662 | D:9      | Killed a two-headed ogre
 14019 | D:9      | Noticed a two-headed ogre
 14075 | D:9      | Killed a two-headed ogre
 14123 | D:9      | Noticed Maggie
 14139 | D:9      | Killed Maggie
 15481 | D:8      | Reached skill level 5 in Armour
 15932 | D:9      | Found a runed translucent door.
 15946 | D:9      | Noticed vivovinco's ghost (novice DENe)
 16349 | D:9      | Found a sacrificial altar of Ru.
 16349 | D:9      | Found a snail-covered altar of Cheibriados.
 16432 | D:9      | Noticed a five-headed hydra
 16473 | D:10     | Entered Level 10 of the Dungeon
 16749 | D:10     | Reached XP level 12. HP: 77/83 MP: 0/0
 16955 | D:10     | Noticed Sonja
 16967 | D:10     | Killed Sonja
 17271 | D:10     | Noticed Joseph
 18586 | Temple   | Entered the Ecumenical Temple
 18818 | Temple   | Became a worshipper of Makhleb the Destroyer
 20445 | Lair:1   | You are sucked into a shaft and drop 1 floor!
 20757 | Lair:1   | Found a shadowy altar of Dithmenos.
 21249 | Lair:2   | Noticed a six-headed hydra
 21268 | Lair:2   | Reached * piety under Makhleb
 21272 | Lair:2   | Killed a six-headed hydra
 21273 | Lair:2   | Reached XP level 13. HP: 66/89 MP: 0/0
 21273 | Lair:2   | Learned a level 5 spell: Manifold Assault
 21332 | Lair:2   | Reached skill level 5 in Stealth
 21706 | Lair:2   | Found a hole to the Spider Nest.
 21804 | Lair:2   | Reached ** piety under Makhleb
 22171 | Lair:3   | Noticed a six-headed hydra
 22171 | Lair:3   | Noticed Gastronok
 22363 | Lair:3   | Noticed a five-headed hydra
 22370 | Lair:3   | Killed a five-headed hydra
 22373 | Lair:3   | Killed Gastronok
 22456 | Lair:2   | Killed a six-headed hydra
 22872 | Lair:3   | Noticed a six-headed hydra
 23056 | Lair:3   | Found a staircase to the Snake Pit.
 23214 | Lair:3   | Killed a five-headed hydra
 23355 | Lair:3   | Noticed an eight-headed hydra
 23362 | Lair:3   | Killed an eight-headed hydra
 23504 | Lair:3   | Noticed a catoblepas
 23528 | Lair:3   | Killed a catoblepas
 23759 | Lair:3   | Reached *** piety under Makhleb
 23760 | Lair:3   | Reached skill level 11 in Spellcasting
 23890 | Lair:3   | Noticed a four-headed hydra
 23911 | Lair:3   | Killed a four-headed hydra
 23956 | Lair:3   | Noticed a five-headed hydra
 24047 | Lair:3   | Killed a five-headed hydra
 24048 | Lair:3   | Reached XP level 14. HP: 51/101 MP: 0/0
 24207 | Lair:3   | Identified the +7 dagger "Mablagut" {vorpal, Int+3}
 24691 | Lair:3   | HP: 5/101 [death yak (10)]
 26602 | Lair:4   | Reached skill level 10 in Dodging
 26607 | Lair:4   | Reached skill level 10 in Fighting
 26776 | Lair:4   | Reached **** piety under Makhleb
 26872 | Lair:4   | Reached skill level 12 in Spellcasting
 26895 | Lair:4   | Identified the amulet "Bupe" {Faith rElec Str+4}
 27004 | Lair:4   | Noticed Nessos
 27014 | Lair:4   | Shot with an arrow by Nessos

Illustrated notes

Levels and vault maps discovered:
D:1:      saegor_arrival_simple_e, layout_loops_ring,
          ebering_ecumenical_altar_hall, serial_forest,
          infiniplex_forest_clump_curved, infiniplex_forest_lined_corner,
          infiniplex_forest_lined_room_2, infiniplex_forest_zigzag_1,
          st_stairs_14, minmay_pentomino_z4
D:2:      layout_basic, nrook_campfire, uniq_crazy_yiuf_cottage
D:3:      layout_rooms, nicolae_gozag_cash_rules_everything_around_me,
          serial_rivers, chequers_serial_rivers_micro_a,
          chequers_serial_rivers_micro_c, chequers_serial_rivers_micro_b,
          chequers_serial_rivers_micro_a, chequers_serial_rivers_large_b
D:4:      layout_basic, kennysheep_mini_moat, lemuel_doored_altar, serial_shops,
          nicolae_shop_crystal
D:5:      layout_basic, mainiacjoe_overflow_six_doors_small, lemuel_old_faithful
D:6:      minmay_octagon_keep, layout_layer_cave, lemuel_crystal_altar,
          minmay_temple_entry_antechambers, minmay_circle_x
D:7:      layout_rooms, nicolae_shop_dragon_depot, minmay_misc_feat_four_crosses
D:8:      layout_basic, lair_entry_dummy, minmay_hedge_maze, corner_web_ring
D:9:      layout_irregular_city, gammafunk_temple_overflow_statue,
          ebering_ghost_inner_flame, uniq_maggie, uniq_grum
D:10:     layout_irregular_city, david_orc_5, hangedman_glass_teeth,
          amcnicky_mini_pool_small, uniq_sonja, uniq_joseph
Temple:   regret_index_temple_generic_petals
Lair:1:   layout_hall_layers, basic_altar, lemuel_fruit_fields,
          lemuel_fruit_tree, infiniplex_staircase_pool_2
Lair:2:   layout_loops_ring, nicolae_spider_entry_non_spiders, special_room
          [special_room_bee]
Lair:3:   nzn_winding_woodlands_large [nzn_winding_woodlands_5x5_default,
          nzn_winding_woodlands_5x15_jagged, nzn_winding_woodlands_5x5_three,
          nzn_winding_woodlands_center_pierced_h,
          nzn_winding_woodlands_15x15_five_gardens,
          nzn_winding_woodlands_center_lodge,
          nzn_winding_woodlands_5x5_checkerboard,
          nzn_winding_woodlands_5x15_sawtooth,
          nzn_winding_woodlands_5x5_default], layout_gridlike,
          minmay_snake_entry_guardpost_small, uniq_gastronok
Lair:4:   layout_roguey, minmay_lindwurm_lava, uniq_nessos

Skill      XL: |  1  2  3  4  5  6  7  8  9 10 11 12 13 14 |
---------------+-------------------------------------------+-----
Spellcasting   | 3 4 5 6 7 9 10 11 12 | 12.1
Stealth        | 2 3 4 6 |  6.0
Dodging        | 3 5 6 8 10 | 10.0
Fighting       | 6 9 10 | 10.0
Unarmed Combat | 1 2 |  2.2
Long Blades    | 1 2 |  2.0
Invocations    | 1 2 |  2.0
Short Blades   | 1 |  1.7
Axes           | 1 |  1.7
Maces & Flails | 1 |  1.7
Polearms       | 1 |  1.5
Staves         | 1 |  1.8
Crossbows      | 1 |  1.6
Armour         | 5 9 |  9.0
Shields        | 1 |  1.7
Evocations     | 1 |  1.7
Slings         | 1 |  1.4
Bows           | 1 |  1.6
Throwing       | 1 |  1.5

Action                   |  1- 3 |  4- 6 |  7- 9 | 10-12 | 13-15 || total
-------------------------+-------+-------+-------+-------+-------++-------
Melee: Unarmed           |     9 |       |       |     1 |     2 ||    12
       Scimitar          |       |       |       |       |     2 ||     2
 Cast: Foxfire           |    59 |    19 |    25 |    51 |    73 ||   227
       Scorch            |     7 |    44 |   151 |   230 |   207 ||   639
       Conjure Flame     |     1 |     2 |    17 |    26 |    17 ||    63
       Apportation       |     1 |       |       |       |       ||     1
       Flame Wave        |       |       |       |    34 |    45 ||    79
       Fulminant Prism   |       |       |       |     6 |    43 ||    49
       Passwall          |       |       |       |     3 |       ||     3
  Use: Scroll            |       |       |       |    11 |     3 ||    14
       Potion            |       |       |       |       |     2 ||     2
Armor: Robe              |     2 |       |     8 |     2 |       ||    12
       Swamp dragon scal |       |       |       |    35 |    83 ||   118
Dodge: Dodged            |    20 |     5 |    34 |    86 |   151 ||   296

Table legend: (Time is in decaauts)
 A = Elapsed time spent in this place.
 B = Non-inter-level travel time spent in this place.
 C = Inter-level travel time spent in this place.
 D = Time resting spent in this place.
 E = Time spent auto-exploring this place.
 F = Levels seen in this place.
 G = Mean time per level.
                   A        B        C        D        E       F      G
               +--------+--------+--------+--------+--------+-----+--------+
         Total |  27021 |  25940 |   1081 |  10117 |  12123 |  15 | 1801.4 |
       Dungeon |  18969 |  18241 |    728 |   6951 |   9480 |  10 | 1896.9 |
        Temple |    249 |    207 |     42 |      0 |    197 |   1 |  249.0 |
          Lair |   7802 |   7492 |    310 |   3166 |   2446 |   4 | 1950.5 |
               +--------+--------+--------+--------+--------+-----+--------+

Top non-repeatable levels by time:
     D:8: 4417 daAuts
     D:6: 3388 daAuts
  Lair:3: 3109 daAuts
  Lair:2: 2017 daAuts
     D:2: 1920 daAuts
  Lair:1: 1827 daAuts
     D:9: 1820 daAuts
     D:1: 1562 daAuts
     D:5: 1479 daAuts
     D:3: 1398 daAuts
     D:7: 1052 daAuts
     D:4: 991 daAuts
    D:10: 937 daAuts
  Lair:4: 848 daAuts
  Temple: 249 daAuts
